 Dungeon Crawl Stone Soup version 0.31.0-11-ge490571c62 (webtiles) character file.

Game seed: 3144643638821420477

31 Minsecho the Ruffian (level 2, 0/22 HPs)
             Began as a Demigod Shapeshifter on Jan 28, 2024.
             Slain by a jelly (2 damage)
             ... on level 2 of the Dungeon.
             The game lasted 00:02:21 (1059 turns).

Minsecho the Ruffian (Demigod Shapeshifter)         Turns: 1059, Time: 00:02:22

Health: 0/22       AC: -1    Str: 15    XL:     2   Next: 90%
Magic:  4/4        EV: 11    Int: 12    God:
Gold:   38         SH:  0    Dex: 13    Spells: 1/1 levels left

rFire   . .          .
                       - Unarmed
rCold   . . .        (no shield)
rNeg    . . .        e - +0 leather armour
rPois   .            (helmet currently unavailable)
rElec   .            (cloak currently unavailable)
rCorr   .            (gloves currently unavailable)
SInv    .            (boots currently unavailable)
Will    .....        (no amulet)
Stlth   +            (no ring)
HPRegen 0.23/turn    (no ring)
MPRegen 0.09/turn

%: no passive effects
@: mighty, beast-form, corroded
A: beast (slay +1), high MP 1, forlorn, divine attributes
a: Begin Untransformation


You were on level 2 of the Dungeon.
You were a hulking beast.
You visited 1 branch of the dungeon, and saw 2 of its levels.

You collected 78 gold pieces.
You spent 40 gold pieces at shops.

Inventory:

Missiles
 h - 3 curare-tipped darts (quivered)
Armour
 a - a +0 animal skin
 e - a +0 leather armour (worn)
Talismans
 c - a beast talisman
 d - a flux talisman
Scrolls
 f - a scroll of poison {unknown}
 g - a scroll of revelation {unknown}
 k - a scroll of torment
 m - a scroll of blinking {unknown}
 o - a scroll of teleportation {unknown}
 p - a scroll of amnesia {unknown}
Potions
 b - 2 potions of lignification
 i - a potion of resistance
 j - a potion of brilliance {unknown}
 l - 2 potions of enlightenment


   Skills:
 + Level 0.8 Fighting
 + Level 1.8 Dodging
 + Level 0.5 Stealth
 + Level 3.4 Unarmed Combat
 + Level 3.0 Shapeshifting


You had one spell level left.
You didn't know any spells.
Your spell library contained the following spells:

 Spells                   Type           Power      Damage    Failure   Level
 Sting                    Conj/Alch      0%         1d3       38%         1
 Ensorcelled Hibernation  Hex/Ice        0%         N/A       52%         2
 Mercury Vapours          Alch/Air       0%         N/A       52%         2
 Fugue of the Fallen      Necr           0%         N/A       77%         3
 Anguish                  Hex/Necr       0%         N/A       99%         4
 Olgreb's Toxic Radiance  Alch           0%         N/A       99%         4


Dungeon Overview and Level Annotations

Branches:
Dungeon (2/15)

Shops:
D:1 *

Annotations:
D:1 1 runed translucent door


Innate Abilities, Weirdness & Mutations

You are a hulking beast.
Your limbs bulge with bestial killing power. (Slay +1)
You have an increased reservoir of magic. (+10% MP)
You shall have no god before yourself.
Your divine heritage dramatically boosts your attributes as you level up.


Message History

You kill the hobgoblin!
No target in view!
No target in view!
No target in view!
No target in view!
No target in view!
No target in view!
No target in view!
No target in view!
No target in view!
No target in view!
No target in view!
No target in view!
o - a scroll labelled XAGUSHR QEFFU
Found a stone staircase leading down.
p - a scroll labelled DUPA DIWKO As you open the door, it creaks loudly!
There is an open door here.
You now have 38 gold pieces (gained 12).
You open the door.
There is an open door here.
An endoplasm comes into view.
An endoplasm is nearby!
A jelly comes into view.
The jelly quivers.
The endoplasm quivers.
The jelly hits you but does no damage.
You hit the jelly but do no damage. The acid corrodes you!
Your hands burn!
The jelly hits you. The acid corrodes you!
You are splashed with acid!
The endoplasm freezes you.
You are frozen.
* * * LOW HITPOINT WARNING * * *
You are too injured to fight recklessly!
Okay, then.
Okay, then.
Okay, then.
It was a potion of might.
You feel very mighty all of a sudden. The endoplasm barely misses you.
The jelly hits you.
You die...

###.#...≈.......≈.≈......###).#.#
'...#...............##.###.<..#.#
#####............#####...#.##.#.#
# #.....######.# ###.#.##.#.# #
#.....# ###'#### .#....#.# #
#.....# #......# ######.# #
#.....# #......####+ #.....#
#........... #.....# #..h........
#.....# #..JJ....... #.....#
#........... #.....# #......#####
####### #......# ........#
.........# ..........#
.......####


You could see a jelly and an endoplasm.

Vanquished Creatures
  An endoplasm (D:2)
  4 giant cockroaches (D:1)
  3 goblins (D:1)
  A hobgoblin (D:2)
  3 kobolds
  3 quokkas
  5 ball pythons
  4 bats
  5 rats
29 creatures vanquished.

Notes
Turn   | Place    | Note
-------+----------+-------------------------------------------
     0 | D:1      | Minsecho the Demigod Shapeshifter began the quest for the
                  | Orb.
     0 | D:1      | Reached XP level 1. HP: 15/15 MP: 3/3
     1 | D:1      | Found a runed translucent door.
     7 | D:1      | Found Bafih's General Store.
   249 | D:1      | Reached XP level 2. HP: 16/22 MP: 4/4
   675 | D:1      | Bought a scroll of identify for 20 gold pieces
   753 | D:1      | Bought a scroll of identify for 20 gold pieces
  1059 | D:2      | Slain by a jelly

Illustrated notes

Levels and vault maps discovered:
D:1:      dpeg_arrival_caged_fury, layout_rooms, serial_shops, shop,
          hellmonk_ecumenical_altar_zigzags, nicolae_titane
D:2:      layout_basic, nicolae_kite_square_tiling_tiny

Skill      XL: |  1  2 |
---------------+-------+-----
Unarmed Combat | 3 |  3.4
Shapeshifting  | 3 |  3.0
Fighting       | |  0.8
Dodging        | |  1.8
Stealth        | |  0.5

Action                     || total
---------------------------++-------
  Melee: Unarmed           ||    77
         Punch             ||     2
    Use: Scroll            ||     3
         Potion            ||     1
   Stab: Sleeping          ||     1
 Armour: Leather armour    ||    37
         Animal skin       ||     1
  Dodge: Dodged            ||    40
